 Dungeon Crawl Stone Soup version 0.30-a0-368-g86fb4627a9 (webtiles) character file.

Game seed: 3147825349456770622

659903 porpoise the Slayer (level 27, -12/135 HPs)
             Began as a Gargoyle Brigand on Nov 16, 2022.
             Was a High Priest of Okawaru.
             Killed from afar by an orb of fire (15 damage)
             ... with a fireball
             ... on level 5 of the Realm of Zot on Nov 20, 2022.
             The game lasted 09:47:02 (83112 turns).

porpoise the Slayer (Gargoyle Brigand)             Turns: 83112, Time: 09:47:06

Health: -12/135    AC: 74    Str: 33    XL:     27
Magic:  19/23      EV: 13    Int:  9    God:    Okawaru [*****.]
Gold:   4648       SH: 28    Dex: 13    Spells: 21/26 levels left

rFire   + + .      SeeInvis +    a - +9 eveningstar (drain)
rCold   + . .      Faith    .    H - +6 tower shield {AC+3}
rNeg    + . .      Spirit   .    P - +14 crystal plate armour "Huanak" {Dex+6}
rPois   ∞          Reflect  .    Q - +2 helmet of Satisfaction {rC+ Regen+ Dex-5 SInv}
rElec   +          Harm     .    X - +4 dragonskin cloak
rCorr   .          Rampage  .    L - +2 pair of gloves {Dex+3}
Will    +++..      Rnd*Tele +    S - +0 pair of boots "Mitoz" {+Inv Int+2}
Stlth   ..........               M - amulet of regeneration
HPRegen 2.02/turn                E - ring of protection from fire
MPRegen 0.18/turn                s - ring of Kosi {rElec rPois rF+ Will+ Int-5}

@: about to teleport, finesse-ful, flying, studying 2 skills, unable to drink
A: sickness immunity, AC +20, big wings, negative energy resistance 1,
electricity resistance, torment resistance 1, petrification resistance, see
invisible, clumsy 1, deformed body, deterioration 1, frail 3, low MP 3, sense
surroundings 1, screaming 1, strong 2, teleportitis 2, no potion heal 1, subdued
magic 1, inability to drink after injury 2, MP-powered wands, devolution 1
}: 4/15 runes: decaying, slimy, silver, gossamer
a: Renounce Religion, Evoke Invisibility, Heroism, Finesse, Duel


You were on level 5 of the Realm of Zot.
You worshipped Okawaru.
Okawaru was extremely pleased with you.
You visited 13 branches of the dungeon, and saw 57 of its levels.
You visited the Abyss 3 times.
You also visited: Wizlab.

You collected 10105 gold pieces.
You spent 5457 gold pieces at shops.

Inventory:

Hand Weapons
 a - a +9 eveningstar of draining (weapon)
 b - a +9 morningstar of holy wrath
 w - the +10 eveningstar of the Hummingbird {flame, Will+}
   (Okawaru gifted it to you on level 3 of the Elven Halls)

   It burns those it strikes, dealing additional fire damage.
   Will:      It increases your willpower.
Missiles
 c - 10 silver boomerangs (quivered)
 d - 29 silver javelins
 e - 6 boomerangs of dispersal
 f - 18 atropa-tipped darts
 W - 4 curare-tipped darts
Armour
 D - the +2 helmet of Tuesainywe {rF+ rC- Dex+4 Stlth+}
   (Okawaru gifted it to you on level 13 of the Dungeon)

   Dex:       It affects your dexterity (+4).
   rF:        It protects you from fire.
   rC:        It makes you vulnerable to cold.
   Stlth:     It makes you more stealthy.
 H - a +6 tower shield of protection (worn)
 L - a +2 pair of gloves of dexterity (worn)
 P - the +14 crystal plate armour "Huanak" (worn) {Dex+6}
   (Okawaru gifted it to you on level 3 of the Depths)

   Dex:       It affects your dexterity (+6).
 Q - the +2 helmet of Satisfaction (worn) {rC+ Regen+ Dex-5 SInv}
   (You bought it in a shop on level 9 of the Dungeon)

   Dex:       It affects your dexterity (-5).
   rC:        It protects you from cold.
   SInv:      It lets you see invisible.
   Regen:     It increases your rate of health regeneration.
 S - the +0 pair of boots "Mitoz" (worn) {+Inv Int+2}
   (Okawaru gifted it to you on level 4 of the Lair of Beasts)

   Int:       It affects your intelligence (+2).
   +Inv:      It lets you turn invisible.
 X - the +4 dragonskin cloak (worn)
   (You took it off Tiamat on level 1 of the Realm of Zot)

   It grants the wearer a chance to resist fire, cold, poison, electricity,
   acid, and negative energy.
Jewellery
 g - a ring of willpower
 s - the ring of Kosi (right hand) {rElec rPois rF+ Will+ Int-5}
   (You bought it in a shop on level 2 of the Orcish Mines)

   [ring of willpower]

   Int:       It affects your intelligence (-5).
   rF:        It protects you from fire.
   rElec:     It insulates you from electricity.
   rPois:     It protects you from poison.
   Will:      It increases your willpower.
 E - a ring of protection from fire (left hand)
 K - a ring of positive energy
 M - an amulet of regeneration (around neck)
Wands
 y - a wand of digging (17)
 z - a wand of iceblast (36)
 C - a wand of paralysis (55)
 F - a wand of polymorph (11)
 O - a wand of light (36)
Scrolls
 i - 2 scrolls of teleportation
 j - 11 scrolls of fog
 p - 2 scrolls of fear
 r - 10 scrolls of magic mapping
 u - 9 scrolls of poison
 v - 11 scrolls of vulnerability
 x - a scroll of blinking
 G - 7 scrolls of noise
 I - 8 scrolls of immolation
 Z - 2 scrolls of silence
Potions
 k - 31 potions of curing
 o - 2 potions of invisibility
 q - 8 potions of attraction
 t - 3 potions of cancellation
 A - 6 potions of resistance
 B - 4 potions of ambrosia
 J - 6 potions of heal wounds
 N - 7 potions of haste
 T - 9 potions of might
 U - 3 potions of berserk rage
 Y - 8 potions of lignification
Miscellaneous
 h - the horn of Geryon
 l - a phial of floods
 m - a lightning rod (4/4)
 n - a tin of tremorstones (1/2)


   Skills:
 + Level 25.3 Fighting
 - Level 1.7 Short Blades
 - Level 24.0 Maces & Flails
 - Level 16.0 Throwing
 - Level 22.0 Armour
 - Level 16.0 Dodging
 - Level 4.3 Stealth
 - Level 22.0 Shields
 - Level 14.0 Invocations
 - Level 17.5 Evocations


You had 21 spell levels left.
You knew the following spells:

 Your Spells              Type           Power      Damage    Failure   Level
r - Irradiate             Conj/Tmut      0%         3d11      100%        5

Your spell library contained the following spells:

 Spells                   Type           Power      Damage    Failure   Level
 Apportation              Tloc           0%         N/A       99%         1
 Beastly Appendage        Tmut           0%         N/A       99%         1
 Foxfire                  Conj/Fire      0%         2x1d4     99%         1
 Kiss of Death            Conj/Necr      0%         2d5       99%         1
 Magic Dart               Conj           0%         1d3       99%         1
 Necrotise                Necr           0%         1d4       99%         1
 Sandblast                Erth           0%         2d4       99%         1
 Shock                    Conj/Air       0%         1d3       99%         1
 Slow                     Hex            0%         N/A       99%         1
 Ensorcelled Hibernation  Hex/Ice        0%         N/A       100%        2
 Passwall                 Tmut/Erth      0%         N/A       100%        2
 Poisonous Vapours        Pois/Air       0%         N/A       100%        2
 Scorch                   Fire           0%         2d5       100%        2
 Searing Ray              Conj           0%         2d4       100%        2
 Static Discharge         Conj/Air       0%         2-2/arc   100%        2
 Wereblood                Tmut           0%         N/A       100%        2
 Confusing Touch          Hex            0%         N/A       100%        3
 Dazzling Flash           Conj/Hex       0%         N/A       100%        3
 Gell's Gravitas          Tloc           0%         N/A       100%        3
 Hailstorm                Conj/Ice       0%         3d3       100%        3
 Ignite Poison            Fire/Tmut/Pois 0%         N/A       100%        3
 Inner Flame              Hex/Fire       0%         N/A       100%        3
 Kindle Blastsparks       Fire/Tloc/Air  0%         2d10      100%        3
 Lesser Beckoning         Tloc           0%         N/A       100%        3
 Mephitic Cloud           Conj/Pois/Air  0%         N/A       100%        3
 Ozocubu's Armour         Ice            0%         N/A       100%        3
 Portal Projectile        Hex/Tloc       0%         N/A       100%        3
 Spider Form              Tmut/Pois      0%         N/A       100%        3
 Stone Arrow              Conj/Erth      0%         3d7       100%        3
 Swiftness                Air            0%         N/A       100%        3
 Teleport Other           Tloc           0%         N/A       100%        3
 Vampiric Draining        Necr           0%         2d6       100%        3
 Vhi's Electric Charge    Tloc/Air       0%         N/A       100%        3
 Airstrike                Air            0%         2d(0-16)  100%        4
 Anguish                  Hex/Necr       0%         N/A       100%        4
 Cause Fear               Hex            0%         N/A       100%        4
 Dispel Undead            Necr           0%         3d6       100%        4
 Flame Wave               Conj/Fire      0%         2d4       100%        4
 Fulminant Prism          Conj/Hex       0%         3d5       100%        4
 Ice Form                 Ice/Tmut       0%         N/A       100%        4
 Iskenderun's Mystic Bla  Conj/Tloc      0%         2d3       100%        4
 Olgreb's Toxic Radiance  Pois           0%         N/A       100%        4
 Passage of Golubria      Tloc           0%         N/A       100%        4
 Petrify                  Tmut/Erth      0%         N/A       100%        4
 Sticky Flame             Conj/Fire      0%         2d3       100%        4
 Arcjolt                  Conj/Air       0%         1d10      100%        5
 Blade Hands              Tmut           0%         N/A       100%        5
 Fireball                 Conj/Fire      0%         3d3       100%        5
 Freezing Cloud           Conj/Ice/Air   0%         6-21      100%        5
 Lee's Rapid Deconstruct  Erth           0%         3d4*      100%        5
 Lightning Bolt           Conj/Air       0%         1d11      100%        5
 Metabolic Englaciation   Hex/Ice        0%         N/A       100%        5
 Silence                  Hex/Air        0%         N/A       100%        5
 Yara's Violent Unravell  Hex/Tmut       0%         3d3       100%        5
 Conjure Ball Lightning   Conj/Air       0%         3x3d6     100%        6
 Eringya's Noxious Bog    Tmut/Pois      0%         N/A       100%        6
 Iron Shot                Conj/Erth      0%         9d1       100%        6
 Starburst                Conj/Fire      0%         6d3       100%        6
 Enfeeble                 Hex            0%         N/A       100%        7
 Ozocubu's Refrigeration  Ice            0%         4d7       100%        7
 Storm Form               Tmut/Air       0%         N/A       100%        7
 Borgnjor's Revivificati  Necr           0%         N/A       100%        8
 Discord                  Hex            0%         N/A       100%        8
 Disjunction              Tloc           0%         N/A       100%        8
 Ignition                 Fire           0%         3d3       100%        8
 Lehudib's Crystal Spear  Conj/Erth      0%         10d2      100%        8
 Maxwell's Capacitive Co  Air            0%         ∞         100%        8
 Necromutation            Tmut/Necr      0%         N/A       100%        8
 Chain Lightning          Conj/Air       0%         N/A       100%        9
 Death's Door             Necr           0%         N/A       100%        9
 Fire Storm               Conj/Fire      0%         5d1       100%        9
 Polar Vortex             Ice            0%         N/A       100%        9
 Shatter                  Erth           0%         3d5*      100%        9
 Summon Small Mammal      Summ           Unusable   N/A       N/A         1
 Call Imp                 Summ           Unusable   N/A       N/A         2
 Cigotuvi's Dreadful Rot  Necr/Pois/Air  Unusable   N/A       N/A         2
 Sublimation of Blood     Necr           Unusable   N/A       N/A         2
 Tukima's Dance           Hex            Unusable   N/A       N/A         3
 Animate Armour           Summ/Erth      Unusable   N/A       N/A         4
 Summon Lightning Spire   Summ/Air       Unusable   N/A       N/A         4
 Summon Forest            Summ/Tloc      Unusable   N/A       N/A         5
 Simulacrum               Ice/Necr       Unusable   N/A       N/A         6
 Statue Form              Tmut/Erth      Unusable   N/A       N/A         6
 Summon Cactus Giant      Summ           Unusable   N/A       N/A         6
 Summon Hydra             Summ           Unusable   N/A       N/A         7

Dungeon Overview and Level Annotations

Branches:
Dungeon (15/15)            Temple (1/1) D:7            Lair (5/5) D:8
  Swamp (4/4) Lair:3       Spider (4/4) Lair:2        Slime (5/5) Lair:5
    Orc (2/2) D:9             Elf (3/3) Orc:2        Vaults (5/5) D:13
  Crypt (3/3) Vaults:3       Tomb (0/3) Crypt:3      Depths (4/4) D:15
   Hell (visited)             Dis (0/7) Hell            Geh (0/7) Hell
    Coc (0/7) Hell            Tar (0/7) Hell            Zot (5/5) Depths:4
 WizLab (visited)

Altars:
Ashenzari
Cheibriados
Dithmenos
Elyvilon
Fedhas
Gozag
Hepliaklqana
Kikubaaqudgha
Makhleb
Nemelex Xobeh
Okawaru
Qazlal
Ru
Sif Muna
Trog
Uskayaw
Vehumet
Wu Jian
Xom
Yredelemnul
Zin
The Shining One
Jiyva

Shops:
D:1 =   D:5 :   D:9 [[[[*?   D:11 *   Orc:2 ([*==   Elf:1 (   Vaults:2 *[[(
Vaults:3 ?   Vaults:4 ::

Portals:
Hell: Depths:1 Depths:2 Depths:3 Depths:4
Abyss: Depths:2 Depths:3
Pandemonium: Depths:2
Ziggurat: Depths:2

Annotations:
Slime:2 exclusion: upstairs
Slime:4 1 exclusion
Vaults:4 exclusion: downstairs
Crypt:3 exclusion: upstairs
Zot:2 1 runed door, Cayster's ghost, legendary VSBe


Innate Abilities, Weirdness & Mutations

You are immune to sickness and miasma.
Your stone body is resilient. (AC +20)
You are immune to poison.
Your large and strong wings let you fly.
You resist negative energy. (rN+)
You are resistant to electric shocks. (rElec)
You are resistant to unholy torment.
You are immune to petrification.
You have supernaturally acute eyesight. (SInv)
You are clumsy. (Dex -2)
Armour fits poorly on your strangely shaped body.
Your body sometimes deteriorates upon taking damage.
You are extremely frail. (-30% HP)
Your magical capacity is extremely low. (-30% MP)
You passively map a small area around you.
You occasionally shout uncontrollably at your foes.
Your muscles are very strong. (Str +8, Int/Dex -2)
You are often teleported next to monsters.
Potions are less effective at restoring your health.
Your spells are a little easier to cast, but a little less powerful.
You sometimes lose the ability to drink potions when taking damage.
You expend magic power (3 MP) to strengthen your wands.
You have hidden genetic defects.


Message History

The Killer Klown is almost dead.
The Killer Klown closely misses you.
You impale the Killer Klown!!
You kill the Killer Klown!
Okawaru accepts your kill.
The Orb Guardian hits you but does no damage. x2
The orb of fire glows deep purple.
The bolt of fire hits you! You resist.
* * * LOW HITPOINT WARNING * * *
Your tin of tremorstones (1/2) has regained one charge.
Blink to where?
Press: ? - help, Dir - move target An orb of fire comes into view.
You yell at the orb of fire!
As you read the scroll of blinking, it crumbles to dust.
The Orb Guardian closely misses you. You block the Orb Guardian's attack.
You pound the Orb Guardian like an anvil!!!
The Orb Guardian is severely wounded.
You block the Orb Guardian's attack.
As you read the scroll of teleportation, it crumbles to dust.
You feel strangely unstable.
You feel the Orb delaying your translocation!
You block the Orb Guardian's attack.
The orb of fire glows yellow.
The bolt of fire hits you! You resist.
* * * LOW HITPOINT WARNING * * *
The Orb Guardian hits you but does no damage. x2
You hit the Orb Guardian. You drain the Orb Guardian.
The Orb Guardian is almost dead.
The orb of fire glows yellow.
The fireball explodes!
The fireball engulfs you! You resist.
* * * LOW HITPOINT WARNING * * *
The fireball engulfs the Orb Guardian!!!
The Orb Guardian dies!
The fireball engulfs the orb of fire.
The orb of fire completely resists.
The fireball engulfs the Orb Guardian!!!!
The Orb Guardian dies!
The orb of fire glows yellow.
The fireball explodes!
The fireball engulfs you! You resist.
You die...

#....................# ##.
#...........^........# #.
#...................^# ##.
#....................# #..
#...........)........# ##..
#....................###..^
##...........^......###^..#
##.......*........##....##
##....^.@.........^..###
▓▓.....##▓▓▓▓▓▓▓▓▓▓▓#
▓▓...^........^..▓***
▓▓.................,,***
*▓.......*..........,,,,**
*...................,,,,^*
▓...................,,,,,**
*▓......)[..........^^^,,**
▓▓.......X.........,,,,,*,


You could see 2 orbs of fire.

Vanquished Creatures
  the Royal Jelly (Slime:5)
  9 dread liches
  6 orbs of fire (Zot:5)
  Tiamat (Zot:1)
  Khufu (Crypt:2)
  Mara (Swamp:3)
  5 ancient liches
  2 juggernauts
  2 royal mummies (Crypt:2)
  Parghit (Arena)
  Bai Suzhen (Arena)
  2 shard shrikes (Zot:1)
  2 Killer Klowns (Zot:5)
  2 curse toes
  Saint Roka (Vaults:5)
  A caustic shrike (Depths:3)
  Geryon (Hell)
  Jory (Crypt:2)
  6 golden dragons
  A hellephant (Hell)
  The ghost of ragingrage the Warrior, an adept AtAr of Uskayaw (Arena)
  13 tentacled monstrosities
  3 electric golems
  A Cloud Mage (WizLab)
  Mlioglotl (Swamp:1)
  Jorgrun (D:12)
  14 Orb Guardians (Zot:5)
  7 quicksilver dragons
  5 liches
  A walking divine tome (Depths:3)
  4 titans
  A walking frostbound tome (Depths:3)
  20 acid blobs
  2 deep elf blademasters (Elf:3)
  2 Executioners (Abyss:2)
  A deep elf master archer (Elf:3)
  Gastronok (D:9)
  5 sphinxes
  4 tentacled starspawn (Abyss:2)
  5 tengu reavers
  3 ancient champions
  Agnes (Spider:4)
  5 shadow dragons
  8 death cobs
  A thorn hunter (Swamp:4)
  10 draconian monks
  Kirke (Swamp:3)
  Donald (Swamp:2)
  8 storm dragons
  2 fenstrider witches
  Roxanne (Spider:4)
  14 azure jellies
  14 frost giants
  2 revenants
  13 draconian knights
  11 fire giants
  17 rockslimes
  An iron dragon (Depths:3)
  18 vault wardens
  14 emperor scorpions
  Louise (Spider:4)
  9 draconian scorchers
  3 deep elf elementalists (Elf:3)
  8 deep elf sorcerers
  A balrug (Depths:2)
  Aizul (Swamp:2)
  A juggernaut zombie (Hell)
  A curse skull (Crypt:3)
  12 ghost moths
  8 ghouls (Crypt:1)
  A caustic shrike zombie (Crypt:3)
  2 broodmothers (Spider:3)
  3 orc warlords
  11 ironbound preservers
  3 spriggan defenders
  5 draconian stormcallers
  19 very ugly things
  5 draconian shifters
  4 reapers
  7 vampire knights
  9 war gargoyles
  12 black draconians
  14 draconian annihilators
  7 green draconians
  7 deep elf demonologists
  A lorocyproca (Hell)
  13 stone giants
  An eleionoma (Swamp:2)
  5 ironbound thunderhulks
  12 quicksilver oozes
  10 yellow draconians
  12 spark wasps
  8 white draconians
  13 deep elf annihilators
  3 bunyips
  12 dire elephants
  14 purple draconians
  The ghost of Tischemav the Impaler, a journeyman DsFi of Fedhas (Lair:3)
  Snorg (Lair:5)
  5 deep elf death magi
  12 red draconians
  11 ettins
  2 eidola
  A mummy priest (Hell)
  5 fire dragons (Depths:4)
  An iron golem (Hell)
  5 crystal guardians
  A shambling mangrove (Swamp:4)
  3 blizzard demons (WizLab)
  A green death (Abyss:2)
  10 jiangshi
  4 entropy weavers
  Josephine (Orc:1)
  An entropy weaver (shapeshifter) (Vaults:5)
  16 yaktaur captains
  8 deep elf high priests
  9 ice dragons
  11 great orbs of eyes
  34 vault guards
  6 spriggan zombies
  4 rakshasas
  23 hydras
  5 peacekeepers
  An ogre mage (Vaults:4)
  5 radroaches
  7 spriggan air magi
  2 jorogumos
  Erica (D:8)
  7 ghost crabs
  9 two-headed ogres
  2 catoblepae (Lair:5)
  13 centaur warriors
  5 ironbound frosthearts
  11 boulder beetles
  An alligator (shapeshifter) (Vaults:4)
  7 alligators
  A two-headed ogre (shapeshifter) (Vaults:4)
  3 death knights
  12 death yaks
  5 deep troll shamans
  7 hell hogs
  Urug (D:12)
  6 spriggan berserkers
  6 tengu warriors
  2 death yaks (shapeshifter) (Vaults:5)
  7 deep troll earth magi
  28 dancing weapons
  7 vampire magi
  4 orc high priests (Orc:2)
  3 soul eaters
  9 hell knights
  10 spriggans
  10 iron trolls
  10 sun demons
  11 deep elf knights
  A titan zombie (Crypt:1)
  Amaemon (D:8)
  32 skeletal warriors
  6 pharaoh ants
  4 wretched stars (Abyss:2)
  2 shadow wraiths
  A sixfirhy (Abyss:2)
  A golden dragon zombie (Vaults:5)
  A sun moth (Spider:4)
  A large abomination (Abyss:2)
  14 flayed ghosts
  3 goliath frogs
  34 deep trolls
  3 steelbarb worms
  A spriggan druid (Swamp:4)
  A tengu zombie (Vaults:2)
  3 glowing orange brains
  2 anaconda zombies
  4 death drakes (WizLab)
  An orb spider (shapeshifter) (Spider:2)
  45 deep elf zephyrmancers
  10 orb spiders
  21 ironbound convokers
  An anaconda skeleton (Hell)
  7 bog bodies
  22 phantasmal warriors
  2 bunyip skeletons
  10 deep elf archers
  10 swamp dragons
  29 deep elf pyromancers
  11 necromancers
  12 lindwurms
  41 ugly things
  13 wizards
  7 orc knights
  8 shining eyes
  8 wolf spider zombies (Spider:3)
  25 wolf spiders
  2 sphinx zombies
  5 harpies (Vaults:4)
  A mana viper (shapeshifter) (Vaults:5)
  4 frost giant zombies
  5 manticores
  A stone giant zombie (Hell)
  7 will-o-the-wisps
  3 orc sorcerers (Orc:2)
  Maurice (D:10)
  27 moths of wrath
  A moth of wrath (shapeshifter) (D:15)
  6 cyclopes
  2 frost giant skeletons (Vaults:1)
  9 elephants
  3 centaur zombies (D:13)
  6 eyes of devastation
  4 apocalypse crabs
  An ice statue (Hell)
  20 vault sentinels
  6 rust devils
  A torpor snail (Lair:5)
  An orange demon (D:8)
  9 smoke demons
  2 black mambas
  5 gargoyles
  A water nymph (Spider:4)
  12 cane toads
  A cane toad (shapeshifter) (D:13)
  A catoblepas zombie (Crypt:2)
  A torpor snail (shapeshifter) (Depths:2)
  A naga skeleton (Hell)
  An unseen horror (D:12)
  An alligator snapping turtle zombie (Crypt:3)
  3 kobold demonologists
  8 demonic crawlers
  A dire elephant skeleton (Crypt:3)
  An efreet (D:15)
  8 komodo dragons
  An unseen horror (shapeshifter) (Vaults:5)
  2 rime drakes (Lair:4)
  Psyche (D:12)
  29 yaktaurs
  A tormentor (Abyss:2)
  9 freezing wraiths
  6 redback zombies
  3 human skeletons
  4 red devils
  2 yaktaur skeletons
  An elf skeleton (Vaults:5)
  8 ice devils
  4 tengu conjurers
  3 sea snake skeletons (Hell)
  12 meliai
  9 trolls
  2 bloated husks
  A harpy skeleton (Crypt:3)
  A wind drake (shapeshifter) (Elf:3)
  A wind drake (WizLab)
  A boulder beetle zombie (Crypt:2)
  3 harpy zombies
  A polar bear (Lair:4)
  8 tarantella zombies (Spider:3)
  6 blink frogs
  A moth of wrath zombie (Crypt:2)
  A jumping spider zombie (Crypt:1)
  7 tyrant leeches
  An ettin zombie (Hell)
  32 tarantellas
  15 hornets
  8 culicivora zombies (Spider:3)
  2 raiju (Abyss:3)
  104 slime creatures
  An elf zombie (Vaults:1)
  9 air elementals
  A centaur simulacrum (Hell)
  23 culicivoras
  29 jumping spiders
  A dire elephant simulacrum (Hell)
  6 water elementals
  19 wraiths
  A spriggan (shapeshifter) (Elf:1)
  4 wyverns
  57 yaks
  8 shadows
  2 fire elementals
  6 vampires
  4 hogs (Swamp:3)
  3 ynoxinuls
  17 humans (D:13)
  6 basilisks
  3 neqoxecs
  A death yak simulacrum (D:13)
  2 black mamba skeletons
  8 golden eyes
  A human (shapeshifter) (Spider:3)
  Menkaure (D:3)
  A sea snake simulacrum (Hell)
  38 redbacks
  16 vampire mosquitoes
  A human zombie (Hell)
  2 glowing shapeshifter zombies
  2 steam dragons (D:7)
  17 swamp worms
  4 wargs
  A naga (shapeshifter) (Depths:4)
  20 water moccasins
  2 acid dragons
  2 hydra simulacra (Hell)
  3 ice beasts
  A cane toad skeleton (Crypt:1)
  2 black bears (D:5)
  38 orc warriors
  A sky beast (D:8)
  9 swamp drakes
  A water nymph skeleton (Crypt:2)
  An alligator simulacrum (Hell)
  A dream sheep skeleton (Crypt:1)
  16 wolves
  A lindwurm skeleton (Crypt:2)
  6 boggarts (Vaults:1)
  7 ogres
  9 centaurs
  A blink frog skeleton (Crypt:2)
  2 phantoms
  2 small abominations (Abyss:2)
  A kobold brigand (D:10)
  3 necrophages (Crypt:1)
  2 two-headed ogre simulacra (D:13)
  A gnoll sergeant (D:12)
  A salamander zombie (Crypt:1)
  7 bullfrogs
  6 scorpions
  An earth elemental (Elf:2)
  10 wights
  2 elephant simulacra (D:13)
  A raiju zombie (Crypt:2)
  4 electric eels (D:11)
  7 howler monkeys
  4 hounds
  25 starcursed masses
  5 jellies
  16 orc priests
  A black bear skeleton (Crypt:2)
  3 iguanas
  A basilisk skeleton (Crypt:1)
  25 orc wizards
  A boggart zombie (Crypt:1)
  3 troll simulacra (D:13)
  A hound zombie (D:3)
  A mummy (Crypt:2)
  7 adders
  4 gnolls (D:12)
  A shadow imp (D:3)
  6 white imps
  2 ufetubi (D:5)
  An adder zombie (D:3)
  6 worms
  9 dart slugs
  66 orcs
  9 ball pythons
  5 endoplasms
  4 giant cockroaches
  5 goblins
  8 hobgoblins
  7 jackals
  4 quokkas
  8 bats
  3 frilled lizards
  A frilled lizard zombie (Crypt:1)
  7 kobolds
  3 rats
  A briar patch (Swamp:4)
  3 fire vortices (Hell)
  4 starspawn tentacles (Abyss:2)
2522 creatures vanquished.

Vanquished Creatures (others)
  2 Orb Guardians (Zot:5)
  A fire giant (Vaults:4)
  A draconian knight (Zot:2)
  A deep elf annihilator (Elf:3)
  A yellow draconian (Zot:1)
  A blizzard demon (Abyss:2)
  A spriggan air mage (Swamp:3)
  A two-headed ogre (Vaults:5)
  2 deep elf knights (Elf:2)
  A spriggan druid (Swamp:2)
  A deep elf pyromancer (Elf:2)
  A yaktaur (Vaults:5)
  3 bloated husks
  A spriggan (Swamp:1)
  A vampire (D:13)
  A redback (Spider:1)
  2 swamp worms (Swamp:3)
  A swamp drake (Swamp:2)
  An orc wizard (D:13)
  A creeping inferno (Hell)
  A fire vortex (Hell)
  26 foxfires
  19 fungi
  22 plants
  4 starspawn tentacles (Abyss:2)
  11 withered plants (Crypt:3)
108 creatures vanquished.

Grand Total: 2630 creatures vanquished

Notes
Turn   | Place    | Note
-------+----------+-------------------------------------------
     0 | D:1      | porpoise the Gargoyle Brigand began the quest for the Orb.
     0 | D:1      | Reached XP level 1. HP: 12/12 MP: 1/1
   205 | D:1      | Reached XP level 2. HP: 18/18 MP: 2/2
   214 | D:1      | Reached skill level 3 in Fighting
   299 | D:1      | Found a faded altar of an unknown god.
   401 | D:1      | Found Biduygg's Jewellery Emporium.
   417 | D:1      | Reached XP level 3. HP: 23/23 MP: 3/3
   777 | D:1      | Reached skill level 1 in Maces & Flails
   888 | D:2      | Found a glowing golden altar of the Shining One.
  1236 | D:2      | Reached XP level 4. HP: 29/29 MP: 4/4
  1596 | D:3      | Reached skill level 4 in Fighting
  1983 | D:3      | Found a transporter.
  2029 | D:3      | Found a transporter.
  2029 | D:3      | Found an ancient bone altar of Kikubaaqudgha.
  2031 | D:3      | Noticed Menkaure
  2033 | D:3      | Noticed a phantom
  2040 | D:3      | Found a basalt altar of Yredelemnul.
  2067 | D:3      | Noticed a scorpion
  2090 | D:3      | Killed a scorpion
  2091 | D:3      | Reached XP level 5. HP: 22/34 MP: 5/5
  2669 | D:4      | Reached XP level 6. HP: 40/40 MP: 6/6
  3010 | D:4      | Reached skill level 5 in Fighting
  3175 | D:5      | Entered Level 5 of the Dungeon
  3447 | D:5      | Noticed a black bear
  3460 | D:5      | Killed a black bear
  3461 | D:5      | Reached skill level 5 in Maces & Flails
  3461 | D:5      | Reached XP level 7. HP: 23/44 MP: 7/7
  3596 | D:5      | Found Pyubori's Book Boutique.
  3833 | D:5      | Found an opulent altar of Gozag.
  4050 | D:5      | Reached skill level 6 in Fighting
  4061 | D:5      | Found the +1 Delatra's gloves {ID++}
  4136 | D:5      | Reached XP level 8. HP: 21/52 MP: 8/8
  5188 | D:6      | Reached skill level 7 in Fighting
  5542 | D:6      | Noticed a kobold demonologist
  5555 | D:6      | Noticed a rust devil
  5558 | D:6      | Gained mutation: You have an increased reservoir of magic.
                  | (+10% MP) [potion of mutation]
  5558 | D:6      | Gained mutation: You occasionally shout uncontrollably at
                  | your foes. [potion of mutation]
  5822 | D:6      | Paralysed by a chaos spawn for 2 turns
  5835 | D:6      | Killed a kobold demonologist
  5836 | D:6      | Reached XP level 9. HP: 5/59 MP: 9/9
  6076 | D:7      | Found a staircase to the Ecumenical Temple.
  6098 | Temple   | Entered the Ecumenical Temple
  6236 | Temple   | Became a worshipper of Warmaster Okawaru
  6328 | D:7      | Identified 2 scrolls of acquirement
  6328 | D:7      | Acquired a +0 eveningstar of draining
  6422 | D:7      | Reached skill level 8 in Fighting
  6549 | D:7      | Reached * piety under Okawaru
  6684 | D:7      | Acquired 878 gold pieces
  6897 | D:7      | Reached skill level 10 in Maces & Flails
  7279 | D:7      | Identified the +6 glaive of Famine {vorpal, Int+4 SInv}
  7447 | D:8      | Noticed Erica
  7626 | D:8      | Identified the +3 chain mail of the Hall of Blades {rN+
                  | rCorr Int-5}
  7704 | D:8      | Noticed an orange demon
  7709 | D:8      | Noticed Amaemon
  7718 | D:8      | Killed an orange demon
  7719 | D:8      | Reached skill level 9 in Fighting
  7733 | D:8      | Killed Amaemon
  7733 | D:8      | Reached ** piety under Okawaru
  7734 | D:8      | Reached XP level 10. HP: 46/66 MP: 11/11
  8134 | D:8      | Found a staircase to the Lair.
  8376 | D:8      | Killed Erica
  8400 | D:9      | Found Exonafu's Armour Boutique.
  8458 | D:9      | Found a staircase to the Orcish Mines.
  8513 | D:9      | Reached *** piety under Okawaru
  8650 | D:9      | Noticed Gastronok
  8663 | D:9      | Killed Gastronok
  8664 | D:9      | Reached XP level 11. HP: 42/71 MP: 10/12
  8775 | D:9      | Found Kupt's Magic Scroll Boutique.
  8792 | D:9      | Bought a scroll of acquirement for 676 gold pieces
  8792 | D:9      | Bought a scroll of fear for 52 gold pieces
  8792 | D:9      | Acquired 815 gold pieces
  8794 | D:9      | Bought a scroll of enchant weapon for 97 gold pieces
  8804 | D:9      | Found Lomaw's Antique Armour Shoppe.
  8810 | D:9      | Bought a warped helmet for 266 gold pieces
  8810 | D:9      | Identified the +2 helmet of Satisfaction {rC+ Regen+ Dex-5
                  | SInv} (You bought it in a shop on level 9 of the Dungeon)
  8810 | D:9      | Bought a runed hat for 196 gold pieces
  8810 | D:9      | Bought a pair of glowing gloves for 210 gold pieces
  8846 | D:9      | Found Sulu's General Store.
  8869 | D:9      | Reached skill level 1 in Armour
  8869 | D:9      | Reached skill level 1 in Shields
  8871 | D:9      | Bought a potion of berserk rage for 60 gold pieces
  8871 | D:9      | Bought a potion of mutation for 96 gold pieces
  9062 | D:9      | Found Nozed's Antique Armour Boutique.
  9141 | D:9      | Found Zuiwapp's Armour Boutique.
  9149 | D:9      | Bought a +1 buckler of positive energy for 229 gold pieces
  9220 | D:10     | Entered Level 10 of the Dungeon
  9228 | D:10     | Noticed a two-headed ogre
  9242 | D:10     | Killed a two-headed ogre
  9242 | D:10     | Reached **** piety under Okawaru
  9423 | D:10     | Noticed Maurice
  9439 | D:10     | Paralysed by Maurice for 3 turns
  9456 | D:10     | Killed Maurice
  9670 | D:10     | Noticed a two-headed ogre
  9681 | D:10     | Killed a two-headed ogre
  9962 | D:10     | Found a burning altar of Makhleb.
 10047 | D:11     | Noticed a cyclops
 10054 | D:11     | Killed a cyclops
 10060 | D:11     | Reached ***** piety under Okawaru
 10164 | D:11     | Found Mirox's General Store.
 10172 | D:11     | Bought a potion of invisibility for 80 gold pieces
 10172 | D:11     | Bought a scroll of enchant armour for 75 gold pieces
 10272 | D:11     | Bought a wand of flame (7) for 49 gold pieces
 10416 | D:11     | Reached skill level 5 in Shields
 10420 | D:11     | Reached skill level 5 in Armour
 10420 | D:11     | Reached skill level 1 in Dodging
 10428 | D:11     | Reached skill level 15 in Maces & Flails
 10452 | D:11     | Reached skill level 1 in Invocations
 10584 | D:11     | Identified the +4 mace of the Depths {vorpal, Fly Dex+3}
                  | (Okawaru gifted it to you on level 11 of the Dungeon)
 10584 | D:11     | Received a gift from Okawaru
 10889 | D:11     | Noticed a two-headed ogre
 10898 | D:11     | Killed a two-headed ogre
 10899 | D:11     | Reached XP level 12. HP: 76/76 MP: 15/15
 11370 | Lair:1   | Entered Level 1 of the Lair of Beasts
 12344 | Lair:1   | Received a gift from Okawaru
 12376 | Lair:2   | Reached skill level 5 in Invocations
 12383 | Lair:2   | Found a hole to the Spider Nest.
 12664 | Lair:2   | Noticed a boulder beetle
 12677 | Lair:2   | Killed a boulder beetle
 12677 | Lair:2   | Received a gift from Okawaru
 13005 | Lair:2   | Reached skill level 5 in Dodging
 13196 | Lair:3   | Noticed a death yak
 13196 | Lair:3   | Noticed a death yak
 13196 | Lair:3   | Noticed a death yak
 13196 | Lair:3   | Noticed a death yak
 13196 | Lair:3   | Noticed a death yak
 13197 | Lair:3   | Noticed a death yak
 13207 | Lair:2   | Killed a death yak
 13208 | Lair:2   | Reached skill level 1 in Evocations
 13228 | Lair:3   | Noticed a five-headed hydra
 13237 | Lair:3   | Killed a five-headed hydra
 13272 | Lair:3   | Reached XP level 13. HP: 80/80 MP: 20/20
 13294 | Lair:3   | Found a staircase to the Swamp.
 13668 | Lair:3   | Found a runed translucent gate.
 13668 | Lair:3   | Noticed Tischemav's ghost (journeyman DsFi)
 13669 | Lair:3   | Found a runed translucent gate.
 13670 | Lair:3   | Found a runed translucent gate.
 13702 | Lair:3   | Killed Tischemav's ghost
 13702 | Lair:3   | Identified the +9 lajatang of Certain Death {antimagic,
                  | rN+} (Okawaru gifted it to you on level 3 of the Lair of
                  | Beasts)
 13702 | Lair:3   | Received a gift from Okawaru
 13703 | Lair:3   | Reached skill level 10 in Fighting
 14346 | Lair:4   | Received a gift from Okawaru
 14371 | Lair:4   | Reached ****** piety under Okawaru
 14374 | Lair:4   | Reached skill level 5 in Evocations
 15079 | Lair:5   | Entered Level 5 of the Lair of Beasts
 15089 | Lair:5   | Reached skill level 11 in Fighting
 15422 | Lair:4   | Identified the +0 pair of boots "Mitoz" {+Inv Int+2}
                  | (Okawaru gifted it to you on level 4 of the Lair of Beasts)
 15422 | Lair:4   | Received a gift from Okawaru
 15772 | Lair:5   | Gained mutation: Your large and strong wings let you fly.
                  | [Gargoyle growth]
 15772 | Lair:5   | Reached XP level 14. HP: 90/90 MP: 22/22
 16253 | Lair:5   | Noticed Snorg
 16295 | Lair:5   | Killed Snorg
 16354 | Lair:5   | Reached skill level 12 in Fighting
 16578 | Lair:5   | a catoblepas changed into a quicksilver ooze
 16578 | Lair:5   | Noticed a quicksilver ooze
 16583 | Lair:5   | Killed a quicksilver ooze
 16836 | Lair:5   | Found a staircase to the Slime Pits.
 17310 | D:12     | Noticed Jorgrun
 17310 | D:12     | Noticed Urug
 17336 | D:12     | Killed Jorgrun
 17336 | D:12     | Received a gift from Okawaru
 17348 | D:12     | Noticed Psyche
 17358 | D:12     | Killed Psyche
 17367 | D:12     | Killed Urug
 17389 | D:12     | Reached skill level 10 in Invocations
 17749 | D:12     | You are sucked into a shaft and drop 3 floors!
 17749 | D:15     | Entered Level 15 of the Dungeon
 17765 | D:15     | Identified the ring of Recklessness {rElec Str+6 Int-5
                  | Dex+5}
 17897 | D:13     | Reached skill level 13 in Fighting
 17961 | D:13     | Reached XP level 15. HP: 99/99 MP: 25/25
 18081 | D:13     | Identified the +2 helmet of Tuesainywe {rF+ rC- Dex+4
                  | Stlth+} (Okawaru gifted it to you on level 13 of the
                  | Dungeon)
 18081 | D:13     | Received a gift from Okawaru
 19094 | D:13     | Reached skill level 14 in Fighting
 19124 | Abyss:2  | Cast into level 2 of the Abyss (a wizard)
 19247 | Abyss:2  | Noticed an Executioner
 19265 | Abyss:2  | Killed an Executioner
 19290 | Abyss:2  | Noticed an Executioner
 19298 | Abyss:2  | Noticed a tentacled starspawn
 19310 | Abyss:2  | Killed a tentacled starspawn
 19314 | Abyss:2  | Noticed a tentacled starspawn
 19318 | Abyss:2  | Noticed a deep elf sorcerer
 19322 | Abyss:2  | Killed a tentacled starspawn
 19331 | Abyss:2  | Killed a deep elf sorcerer
 19386 | Abyss:2  | Killed an Executioner
 19491 | Abyss:2  | Paralysed by accursed screaming for 1 turns
 19493 | D:13     | Escaped the Abyss
 19764 | D:13     | Found a gate to the Vaults.
 19822 | D:13     | Received a gift from Okawaru
 20268 | D:14     | Received a gift from Okawaru
 20861 | D:14     | Reached XP level 16. HP: 107/107 MP: 27/27
 21097 | D:15     | Received a gift from Okawaru
 21321 | Abyss:2  | Cast into level 2 of the Abyss (a wizard)
 21347 | Abyss:2  | Noticed a tentacled starspawn
 21371 | Abyss:2  | Killed a tentacled starspawn
 21393 | Abyss:2  | Noticed a tentacled starspawn
 21403 | Abyss:2  | Killed a tentacled starspawn
 21468 | Abyss:2  | Received a gift from Okawaru
 21533 | Abyss:2  | Paralysed by accursed screaming for 1 turns
 21539 | Abyss:2  | Paralysed by accursed screaming for 1 turns
 21582 | Abyss:2  | Reached skill level 15 in Fighting
 21589 | Abyss:2  | Noticed a dread lich
 21613 | Abyss:2  | Paralysed by a dread lich for 5 turns
 21726 | D:15     | Escaped the Abyss
 21837 | D:15     | Found a staircase to the Depths.
 21873 | D:15     | Acquired a manual of Armour
 22222 | Orc:1    | Entered Level 1 of the Orcish Mines
 22383 | Orc:2    | Entered Level 2 of the Orcish Mines
 22437 | Orc:1    | Noticed Josephine
 22456 | Orc:1    | Killed Josephine
 22465 | Orc:1    | Identified the +2 scale mail "Qinnuemych" {+Inv rC+}
                  | (Okawaru gifted it to you on level 1 of the Orcish Mines)
 22465 | Orc:1    | Received a gift from Okawaru
 22800 | Orc:2    | Found Tihefiopt's Jewellery Boutique.
 22834 | Orc:2    | Found a staircase to the Elven Halls.
 23988 | Orc:2    | Found Xeliexus's General Store.
 23989 | Orc:2    | Found Ozoleum's Jewellery Boutique.
 23991 | Orc:2    | Found Qunwuosch's Antique Armour Shop.
 23991 | Orc:2    | Found Ujuosch's Antique Weapon Shop.
 24083 | Orc:2    | Bought a pair of glimmering boots for 275 gold pieces
 24083 | Orc:2    | Identified the +2 pair of boots "Kaushiuje" {rN+ Stlth+}
                  | (You bought it in a shop on level 2 of the Orcish Mines)
 24085 | Orc:2    | Bought an iridescent flail for 297 gold pieces
 24085 | Orc:2    | Identified the +4 flail of the Sage {pain, SInv} (You
                  | bought it in a shop on level 2 of the Orcish Mines)
 24085 | Orc:2    | Bought a crystal flail for 297 gold pieces
 24085 | Orc:2    | Identified the +1 flail of Abielilu {vorpal, Fly} (You
                  | bought it in a shop on level 2 of the Orcish Mines)
 24398 | Swamp:1  | Entered Level 1 of the Swamp
 24405 | Swamp:1  | Reached skill level 10 in Armour
 24492 | Swamp:1  | Noticed Mlioglotl
 24498 | Swamp:1  | Noticed a lich
 24499 | Swamp:1  | Noticed a bone dragon
 24682 | Swamp:1  | Reached XP level 17. HP: 99/115 MP: 28/28
 24924 | Swamp:1  | Killed Mlioglotl
 25541 | Swamp:2  | Reached skill level 16 in Fighting
 25585 | Swamp:1  | Upgraded the game from 0.30-a0-364-gf6b3ef1049 to
                  | 0.30-a0-365-ge7f957f1db
 25649 | Swamp:2  | Reached skill level 10 in Shields
 25964 | Swamp:2  | Noticed Donald
 25977 | Swamp:2  | Killed Donald
 26168 | Swamp:3  | Noticed Kirke
 26358 | Swamp:3  | Noticed Mara
 26559 | D:9      | Bought a scroll of vulnerability for 52 gold pieces
 26715 | Orc:2    | Bought a scroll of enchant armour for 127 gold pieces
 26715 | Orc:2    | Bought a potion of haste for 170 gold pieces
 26715 | Orc:2    | Bought 2 potions of heal wounds for 170 gold pieces
 26715 | Orc:2    | Bought a scroll of vulnerability for 68 gold pieces
 26963 | Spider:1 | Entered Level 1 of the Spider Nest
 27000 | Spider:1 | Identified the -2 pair of gloves of Focus {Drain rC+ rCorr
                  | Dex+6} (Okawaru gifted it to you on level 1 of the Spider
                  | Nest)
 27000 | Spider:1 | Received a gift from Okawaru
 27794 | Spider:1 | Identified the +0 halberd "Wulimmeh" {freeze, rElec rC+
                  | Dex+4}
 27971 | Spider:1 | Identified the +5 chain mail of Idealism {rPois}
 28205 | Spider:2 | You are sucked into a shaft and drop 1 floor!
 28386 | Spider:2 | Reached skill level 5 in Throwing
 29390 | Spider:3 | Received a gift from Okawaru
 29391 | Spider:3 | Reached XP level 18. HP: 120/120 MP: 29/29
 29699 | Spider:3 | Received a gift from Okawaru
 30064 | Spider:3 | Reached skill level 15 in Armour
 30092 | Spider:3 | Received a gift from Okawaru
 30515 | Spider:4 | Entered Level 4 of the Spider Nest
 31240 | Spider:3 | Identified the +0 robe of Okawaru's Condemnation {Str+4
                  | Int+8 Dex-2 SInv} (Okawaru gifted it to you on level 3 of
                  | the Spider Nest)
 31240 | Spider:3 | Received a gift from Okawaru
 31413 | Spider:3 | Reached skill level 17 in Fighting
 31671 | Spider:4 | Noticed Roxanne
 31695 | Spider:4 | Killed Roxanne
 31781 | Spider:4 | Noticed Louise
 31804 | Spider:4 | Killed Louise
 31843 | Spider:4 | Noticed Agnes
 31844 | Spider:4 | Identified the +9 chain mail of the Harvest {rPois Will-
                  | Str-2 Slay+6}
 31852 | Spider:4 | Killed Agnes
 32686 | Spider:4 | Reached XP level 19. HP: 128/128 MP: 0/31
 32686 | Spider:4 | Received a gift from Okawaru
 32930 | Spider:4 | Got a gossamer rune of Zot
 33386 | Swamp:3  | Noticed porpoise's illusion
 33642 | Orc:2    | Bought the ring of Kosi {rElec rPois rF+ Will+ Int-5} for
                  | 595 gold pieces
 33831 | Swamp:3  | Noticed porpoise's illusion
 33847 | Swamp:3  | Killed Mara
 34398 | Swamp:3  | Noticed Aizul
 34532 | Swamp:2  | Killed Aizul
 34571 | Swamp:3  | Reached skill level 18 in Fighting
 34689 | Swamp:3  | Killed Kirke
 34908 | Swamp:4  | Entered Level 4 of the Swamp
 34926 | Swamp:4  | Received a gift from Okawaru
 35733 | Swamp:4  | Got a decaying rune of Zot
 35748 | Swamp:4  | Received a gift from Okawaru
 36122 | Vaults:1 | Entered Level 1 of the Vaults
 36636 | Vaults:1 | Received a gift from Okawaru
 36847 | Vaults:1 | Received a gift from Okawaru
 36937 | Vaults:1 | Received a gift from Okawaru
 37149 | Vaults:1 | Reached XP level 20. HP: 98/136 MP: 28/32
 37305 | Vaults:1 | Found a runed translucent gate.
 37305 | Vaults:1 | Found a runed translucent gate.
 37306 | Vaults:1 | Found a runed translucent gate.
 37310 | Vaults:1 | Noticed ragingrage's ghost (adept AtAr)
 37325 | Arena    | Entered the Arena
 37354 | Arena    | Killed ragingrage's ghost
 37397 | Vaults:1 | Reached skill level 10 in Throwing
 37397 | Vaults:1 | Reached skill level 15 in Shields
 37615 | Vaults:1 | Identified the +1 cloak of the Griffon {Str+4}
 38308 | Vaults:2 | Found Noicaheuh's General Store.
 38316 | Vaults:2 | Bought a potion of mutation for 168 gold pieces
 38316 | Vaults:2 | Lost mutation: You occasionally shout uncontrollably at
                  | your foes. [potion of mutation]
 38316 | Vaults:2 | Lost mutation: You have an increased reservoir of magic.
                  | (+10% MP) [potion of mutation]
 38316 | Vaults:2 | Gained mutation: You occasionally lose the ability to drink
                  | potions when taking damage. [potion of mutation]
 38316 | Vaults:2 | Gained mutation: Your muscles are strong. (Str +4, Int/Dex
                  | -1) [potion of mutation]
 38653 | Vaults:2 | Found Ucyleij's Antique Armour Emporium.
 38845 | Vaults:1 | Upgraded the game from 0.30-a0-365-ge7f957f1db to
                  | 0.30-a0-368-g86fb4627a9
 38930 | Vaults:2 | Identified the +8 quarterstaff of Truth {vorpal, Will+
                  | Dex+3 SInv} (Okawaru gifted it to you on level 2 of the
                  | Vaults)
 38930 | Vaults:2 | Received a gift from Okawaru
 39258 | Vaults:2 | Found Lokepoav's Weapon Shoppe.
 39329 | Vaults:2 | Noticed Bai Suzhen
 39334 | Arena    | Entered the Arena
 39346 | Arena    | Killed Bai Suzhen
 39517 | Arena    | Entered the Arena
 39841 | Vaults:2 | Found Umnyvyix's Armour Emporium.
 39895 | Vaults:2 | Reached skill level 10 in Evocations
 40147 | Vaults:3 | Found Lequesus's Magic Scroll Shop.
 40156 | Vaults:3 | Reached skill level 10 in Dodging
 40164 | Vaults:3 | Bought a scroll of vulnerability for 44 gold pieces
 40164 | Vaults:3 | Bought a scroll of blinking for 82 gold pieces
 40355 | Vaults:3 | Found a staircase to the Crypt.
 40355 | Vaults:3 | Found an ancient bone altar of Kikubaaqudgha.
 40355 | Vaults:3 | Found a basalt altar of Yredelemnul.
 40555 | Vaults:3 | Reached XP level 21. HP: 137/143 MP: 31/31
 40580 | Vaults:3 | Identified the +6 mace of the Evening {vorpal, Fly rCorr}
 40607 | Vaults:3 | Reached skill level 19 in Fighting
 40831 | Vaults:3 | Received a gift from Okawaru
 40947 | Vaults:3 | Got the Cyclopedia of the Snowflakes and Air
 41826 | Vaults:4 | Identified the +4 morningstar "Spiderslayer" {vorpal, rElec
                  | Dex+10 Stlth-} (Okawaru gifted it to you on level 4 of the
                  | Vaults)
 41826 | Vaults:4 | Received a gift from Okawaru
 42616 | Vaults:4 | Found Lugeo's Book Shoppe.
 42657 | Vaults:4 | Found Jeir's Book Boutique.
 43249 | Vaults:3 | Lost mutation: Your muscles are strong. (Str +4, Int/Dex
                  | -1) [potion of mutation]
 43249 | Vaults:3 | Lost mutation: You occasionally lose the ability to drink
                  | potions when taking damage. [potion of mutation]
 43249 | Vaults:3 | Gained mutation: Your mind is acute. (Int +4, Str/Dex -1)
                  | [potion of mutation]
 43249 | Vaults:3 | Gained mutation: You do not regenerate when monsters are
                  | visible. [potion of mutation]
 43249 | Vaults:3 | Gained mutation: Your muscles are strong. (Str +4, Int/Dex
                  | -1) [potion of mutation]
 43249 | Vaults:3 | Gained mutation: Your mind is very acute. (Int +8, Str/Dex
                  | -2) [potion of mutation]
 43250 | Vaults:3 | Lost mutation: You do not regenerate when monsters are
                  | visible. [potion of mutation]
 43250 | Vaults:3 | Lost mutation: Your muscles are strong. (Str +4, Int/Dex
                  | -1) [potion of mutation]
 43250 | Vaults:3 | Lost mutation: Your mind is very acute. (Int +8, Str/Dex
                  | -2) [potion of mutation]
 43250 | Vaults:3 | Gained mutation: You passively map a small area around you.
                  | [potion of mutation]
 43250 | Vaults:3 | Gained mutation: Your spells are a little easier to cast,
                  | but a little less powerful. [potion of mutation]
 43250 | Vaults:3 | Gained mutation: You are robust. (+10% HP) [potion of
                  | mutation]
 43470 | Depths:1 | Entered Level 1 of the Depths
 43528 | Depths:1 | Found a stormy altar of Qazlal.
 43683 | Depths:1 | Received a gift from Okawaru
 43732 | Depths:1 | Found a gateway to Hell.
 43798 | Depths:1 | Reached skill level 20 in Fighting
 43884 | Depths:1 | Identified the +7 great mace "Wopn" {venom, Str+3} (Okawaru
                  | gifted it to you on level 1 of the Depths)
 43884 | Depths:1 | Received a gift from Okawaru
 44675 | Depths:2 | Noticed a juggernaut
 44680 | Depths:2 | Noticed a golden dragon
 44691 | Depths:2 | Killed a juggernaut
 44700 | Depths:2 | Killed a golden dragon
 44727 | Depths:2 | Reached XP level 22. HP: 166/167 MP: 28/32
 44788 | Depths:2 | Noticed a golden dragon
 44810 | Depths:2 | Killed a golden dragon
 45147 | Depths:2 | Gained mutation: You occasionally lose the ability to read
                  | scrolls when taking damage. [a neqoxec]
 45149 | Depths:2 | Found a one-way gate leading to the halls of Pandemonium.
 45386 | Depths:2 | Found a one-way gateway to a ziggurat.
 45495 | Depths:2 | Found a one-way gate to the infinite horrors of the Abyss.
 45526 | Depths:2 | Received a gift from Okawaru
 46244 | Depths:3 | Received a gift from Okawaru
 46285 | Depths:3 | Found a magical portal.
 46294 | WizLab   | Entered The Chambers of the Cloud Mage
 46309 | WizLab   | Paralysed by an air elemental for 1 turns
 46316 | WizLab   | Paralysed by an air elemental for 1 turns
 46322 | WizLab   | Paralysed by an air elemental for 1 turns
 46432 | WizLab   | Paralysed by an air elemental for 1 turns
 46438 | WizLab   | Paralysed by an air elemental for 1 turns
 46637 | WizLab   | Paralysed by an air elemental for 1 turns
 46644 | WizLab   | Paralysed by an air elemental for 1 turns
 46665 | WizLab   | Paralysed by an air elemental for 1 turns
 46722 | WizLab   | Identified the +6 spear "Doka" {venom, *Slow rF+ Dex+3}
 46731 | WizLab   | Got Acywidd's Secrets of the Zephyr
 46732 | WizLab   | Identified the ring "Qaigylah" {Ice rPois Str-5 Int+3}
 46747 | WizLab   | Got the Directory of Dynamic Translocation
 47080 | Depths:3 | Noticed a caustic shrike
 47106 | Depths:3 | Killed a caustic shrike
 47112 | Depths:3 | Identified the +14 crystal plate armour "Huanak" {Dex+6}
                  | (Okawaru gifted it to you on level 3 of the Depths)
 47112 | Depths:3 | Received a gift from Okawaru
 47635 | Lair:1   | Lost mutation: You passively map a small area around you.
                  | [potion of mutation]
 47635 | Lair:1   | Lost mutation: You are robust. (+10% HP) [potion of
                  | mutation]
 47635 | Lair:1   | Lost mutation: Your mind is acute. (Int +4, Str/Dex -1)
                  | [potion of mutation]
 47635 | Lair:1   | Lost mutation: Your spells are a little easier to cast, but
                  | a little less powerful. [potion of mutation]
 47636 | Lair:1   | Lost mutation: You occasionally lose the ability to read
                  | scrolls when taking damage. [potion of mutation]
 47636 | Lair:1   | Gained mutation: You are strong-willed. (Will+) [potion of
                  | mutation]
 47636 | Lair:1   | Gained mutation: Your flesh is cold resistant. (rC+)
                  | [potion of mutation]
 47636 | Lair:1   | Gained mutation: You occasionally shout uncontrollably at
                  | your foes. [potion of mutation]
 47636 | Lair:1   | Gained mutation: You are highly strong-willed. (Will++)
                  | [potion of mutation]
 47736 | D:11     | Bought a potion of ambrosia for 80 gold pieces
 47795 | D:9      | Bought a scroll of magic mapping for 97 gold pieces
 47795 | D:9      | Bought a scroll of teleportation for 39 gold pieces
 47795 | D:9      | Bought a scroll of immolation for 52 gold pieces
 47795 | D:9      | Bought 2 scrolls of magic mapping for 195 gold pieces
 48073 | D:3      | Killed Menkaure
 48092 | D:3      | Identified the +5 ring mail "Modwey" {Fly rC+ Will+ Dex-4}
 48707 | Vaults:3 | Bought a scroll of magic mapping for 82 gold pieces
 48707 | Vaults:3 | Bought a scroll of teleportation for 33 gold pieces
 48707 | Vaults:3 | Bought a scroll of poison for 44 gold pieces
 48707 | Vaults:3 | Bought a scroll of fog for 44 gold pieces
 49174 | Elf:1    | Entered Level 1 of the Elven Halls
 49673 | Elf:1    | Found Jocith's Weapon Emporium.
 49773 | Elf:1    | Reached skill level 21 in Fighting
 50242 | Elf:2    | Reached XP level 23. HP: 152/160 MP: 33/33
 50735 | Elf:2    | Found a runed translucent gate.
 50736 | Elf:2    | Found a runed translucent gate.
 50736 | Elf:2    | Found a runed translucent gate.
 50971 | Elf:2    | Received a gift from Okawaru
 51030 | Elf:2    | Received a gift from Okawaru
 51487 | Elf:3    | Entered Level 3 of the Elven Halls
 51570 | Elf:3    | Paralysed by an air elemental for 1 turns
 52013 | Elf:3    | Received a gift from Okawaru
 52090 | Elf:3    | Identified the +10 eveningstar of the Hummingbird {flame,
                  | Will+} (Okawaru gifted it to you on level 3 of the Elven
                  | Halls)
 52090 | Elf:3    | Received a gift from Okawaru
 52139 | Elf:3    | Identified the ring of Lunacvusk {rCorr EV+4}
 52337 | Elf:3    | Reached skill level 15 in Dodging
 52399 | Elf:3    | Identified the +7 short sword "Rulu" {flame, rC+ rN+ Dex+2}
 52404 | Elf:3    | Reached skill level 22 in Fighting
 53361 | Elf:3    | Got the Codex of the Heated Glacier
 54348 | Depths:4 | Entered Level 4 of the Depths
 54383 | Depths:4 | Received a gift from Okawaru
 54695 | Depths:4 | Received a gift from Okawaru
 54746 | Depths:4 | Reached XP level 24. HP: 168/168 MP: 33/33
 54796 | Depths:4 | Found a gate to the Realm of Zot.
 55299 | Depths:4 | Noticed a juggernaut
 55309 | Depths:4 | Killed a juggernaut
 55965 | Slime:1  | Entered Level 1 of the Pits of Slime
 55973 | Slime:1  | Gained mutation: You are vulnerable to heat. (rF-) [a
                  | shining eye]
 56639 | Slime:2  | Received a gift from Okawaru
 57527 | Slime:4  | Gained mutation: Armour fits poorly on your strangely
                  | shaped body. [a shining eye]
 57529 | Slime:4  | Gained mutation: You are frail. (-10% HP) [a shining eye]
 57530 | Slime:4  | Gained mutation: Your magical capacity is low. (-10% MP) [a
                  | shining eye]
 57810 | Slime:4  | Received a gift from Okawaru
 58050 | Slime:5  | Entered Level 5 of the Pits of Slime
 58093 | Slime:5  | Gained mutation: Your magical capacity is very low. (-20%
                  | MP) [a shining eye]
 58106 | Slime:5  | Gained mutation: You have hidden genetic defects. [a
                  | shining eye]
 58185 | Slime:5  | Identified the +6 shortbow of the Firefly {antimagic, rPois
                  | rF+++ Int-4 Dex+4} (Okawaru gifted it to you on level 5 of
                  | the Pits of Slime)
 58185 | Slime:5  | Received a gift from Okawaru
 58216 | Slime:4  | Gained mutation: You occasionally lose the ability to drink
                  | potions when taking damage. [a shining eye]
 58219 | Slime:4  | Gained mutation: You are very frail. (-20% HP) [a shining
                  | eye]
 58225 | Slime:4  | Gained mutation: You sometimes lose the ability to drink
                  | potions when taking damage. [a shining eye]
 58231 | Slime:4  | Gained mutation: Your magical capacity is extremely low.
                  | (-30% MP) [a shining eye]
 58235 | Slime:4  | Gained mutation: You are extremely frail. (-30% HP) [a
                  | shining eye]
 58334 | Slime:5  | Gained mutation: You are weak. (Str -2) [a shining eye]
 58337 | Slime:5  | Gained mutation: Your body sometimes deteriorates upon
                  | taking damage. [a shining eye]
 58342 | Slime:5  | Gained mutation: Your spells are a little easier to cast,
                  | but a little less powerful. [a shining eye]
 58343 | Slime:5  | Gained mutation: You occasionally lose the ability to read
                  | scrolls when taking damage. [a shining eye]
 58487 | Slime:4  | Gained mutation: You are occasionally teleported next to
                  | monsters. [a shining eye]
 58487 | Slime:4  | Gained mutation: Your spells are easier to cast, but less
                  | powerful. [a shining eye]
 58695 | Slime:5  | Noticed the Royal Jelly
 59110 | Slime:5  | Found the +5 scythe "Finisher" {speed, eviscerate}
 59113 | Slime:5  | Found a viscous altar of Jiyva.
 59836 | Slime:5  | Killed the Royal Jelly
 59881 | Slime:5  | Gained mutation: You are very weak. (Str -4) [hidden
                  | defects]
 60097 | Slime:5  | Received a gift from Okawaru
 60186 | Slime:5  | Got Kepocvo's Omnibus of Conduction and Metal
 60216 | Slime:5  | Identified the +1 short sword "Kuppueseu" {speed, +Blink
                  | rCorr Int+7 Stlth-}
 60228 | Slime:5  | Got a slimy rune of Zot
 60232 | Slime:5  | Identified the amulet "Panom" {Faith rElec Str+4}
 60313 | Slime:5  | Got the Handbook of Dislocation
 60676 | Lair:1   | Lost mutation: Armour fits poorly on your strangely shaped
                  | body. [potion of mutation]
 60676 | Lair:1   | Lost mutation: Your flesh is cold resistant. (rC+) [potion
                  | of mutation]
 60676 | Lair:1   | Lost mutation: You occasionally lose the ability to read
                  | scrolls when taking damage. [potion of mutation]
 60677 | Lair:1   | Lost mutation: Your spells are easier to cast, but less
                  | powerful. [potion of mutation]
 60677 | Lair:1   | Lost mutation: Your magical capacity is extremely low.
                  | (-30% MP) [potion of mutation]
 60677 | Lair:1   | Lost mutation: You occasionally shout uncontrollably at
                  | your foes. [potion of mutation]
 60677 | Lair:1   | Lost mutation: You are highly strong-willed. (Will++)
                  | [potion of mutation]
 60677 | Lair:1   | Gained mutation: Your mind is acute. (Int +4, Str/Dex -1)
                  | [potion of mutation]
 60885 | D:1      | Bought a +6 ring of strength for 360 gold pieces
 61432 | Crypt:1  | Entered Level 1 of the Crypt
 62245 | Crypt:1  | Reached XP level 25. HP: 67/121 MP: 22/26
 62249 | Crypt:1  | Received a gift from Okawaru
 62708 | Crypt:1  | Gained mutation: Armour fits poorly on your strangely
                  | shaped body. [hidden defects]
 62708 | Crypt:1  | Lost mutation: You have hidden genetic defects. [hidden
                  | defects expressed]
 63263 | Crypt:2  | Noticed Jory
 63282 | Crypt:2  | Killed Jory
 63409 | Crypt:2  | Learned a level 5 spell: Irradiate
 63437 | Crypt:2  | Received a gift from Okawaru
 63522 | Crypt:2  | Noticed a royal mummy
 63527 | Crypt:2  | Noticed Khufu
 63527 | Crypt:2  | Noticed a royal mummy
 63556 | Crypt:2  | Killed a royal mummy
 63618 | Crypt:2  | Killed Khufu
 63618 | Crypt:2  | Received a gift from Okawaru
 63766 | Crypt:2  | Killed a royal mummy
 64163 | Crypt:3  | Entered Level 3 of the Crypt
 64213 | Crypt:2  | Found a basalt altar of Yredelemnul.
 64312 | Crypt:3  | Identified the +10 flail of Yplih {protect, Will+ Int+3
                  | SInv}
 64585 | Crypt:3  | Lost mutation: You are vulnerable to heat. (rF-) [potion of
                  | mutation]
 64585 | Crypt:3  | Lost mutation: Your magical capacity is very low. (-20% MP)
                  | [potion of mutation]
 64585 | Crypt:3  | Lost mutation: Armour fits poorly on your strangely shaped
                  | body. [potion of mutation]
 64585 | Crypt:3  | Lost mutation: You are very weak. (Str -4) [potion of
                  | mutation]
 64585 | Crypt:3  | Lost mutation: You are weak. (Str -2) [potion of mutation]
 64796 | Crypt:3  | Identified the +4 ring mail of Ziluurodowa {Dex+4}
 65129 | Crypt:3  | Found a staircase to the Tomb.
 65562 | Crypt:3  | Found an ancient bone altar of Kikubaaqudgha.
 65600 | Crypt:3  | Found the +4 dagger "Morg" {pain, Will+ Int+5}
 65680 | Crypt:3  | Noticed an ancient lich
 65892 | Crypt:3  | Noticed a dread lich
 65898 | Crypt:3  | Killed a dread lich
 66261 | Crypt:3  | Killed an ancient lich
 66280 | Crypt:3  | Identified the +1 halberd of Orelod {venom, rC+ rCorr
                  | Stlth+}
 67306 | Vaults:5 | Entered Level 5 of the Vaults
 67317 | Abyss:3  | Cast into level 3 of the Abyss (vault guard)
 67356 | Abyss:3  | Received a gift from Okawaru
 67359 | Vaults:4 | Escaped the Abyss
 67453 | Vaults:4 | Reached XP level 26. HP: 125/125 MP: 30/30
 67587 | Vaults:4 | Received a gift from Okawaru
 68269 | Vaults:4 | Reached skill level 15 in Throwing
 68928 | Vaults:5 | Received a gift from Okawaru
 69096 | Vaults:5 | Noticed Saint Roka
 69106 | Vaults:5 | Killed Saint Roka
 69181 | Vaults:5 | Identified the +1 leather armour of Dishonour {+Inv rC-
                  | Slay+5}
 69184 | Vaults:5 | Got a silver rune of Zot
 69336 | Vaults:5 | Identified the +8 mace "Ogrebane" {elec, rPois}
 69503 | Vaults:5 | Noticed a dread lich
 69524 | Vaults:5 | Killed a dread lich
 69609 | Vaults:5 | Identified the +3 quarterstaff of the Pit {flame, rPois
                  | Str+4 Int-2 Dex-3}
 69736 | Vaults:5 | Lost mutation: You sometimes lose the ability to drink
                  | potions when taking damage. [potion of mutation]
 69736 | Vaults:5 | Lost mutation: You are extremely frail. (-30% HP) [potion
                  | of mutation]
 69736 | Vaults:5 | Lost mutation: Your body sometimes deteriorates upon taking
                  | damage. [potion of mutation]
 69736 | Vaults:5 | Gained mutation: Your muscles are strong. (Str +4, Int/Dex
                  | -1) [potion of mutation]
 69736 | Vaults:5 | Gained mutation: Your muscles are very strong. (Str +8,
                  | Int/Dex -2) [potion of mutation]
 69935 | Vaults:5 | Identified the +11 hand axe "Meos" {freeze, Will+ Int+6}
 70978 | Zot:1    | Entered Level 1 of the Realm of Zot
 71430 | Zot:1    | Received a gift from Okawaru
 71440 | Zot:1    | Reached skill level 15 in Evocations
 71744 | Zot:1    | Found the +4 dragonskin cloak
 71744 | Zot:1    | Noticed Tiamat
 71782 | Zot:1    | Noticed a shard shrike
 71799 | Zot:1    | Killed a shard shrike
 71807 | Zot:1    | Noticed Parghit
 71834 | Zot:1    | Reached XP level 27. HP: 81/147 MP: 1/30
 71873 | Zot:1    | Received a gift from Okawaru
 71927 | Zot:1    | Received a gift from Okawaru
 71932 | Arena    | Entered the Arena
 71940 | Arena    | Killed Parghit
 71978 | Zot:1    | Received a gift from Okawaru
 72104 | Zot:1    | Killed Tiamat
 74318 | Zot:1    | Reached skill level 23 in Fighting
 74405 | Zot:2    | Found a huge runed gate.
 74405 | Zot:2    | Found a huge runed gate.
 74405 | Zot:2    | Found a huge runed gate.
 74405 | Zot:2    | Found a huge runed gate.
 74406 | Zot:2    | Found a huge runed gate.
 74407 | Zot:2    | Found a huge runed gate.
 74462 | Zot:2    | Received a gift from Okawaru
 74496 | Zot:2    | Found a huge runed gate.
 74496 | Zot:2    | Found a huge runed gate.
 74496 | Zot:2    | Found a huge runed gate.
 74496 | Zot:2    | Found a huge runed gate.
 74496 | Zot:2    | Found a huge runed gate.
 74496 | Zot:2    | Found a huge runed gate.
 74640 | Zot:2    | Found a runed translucent door.
 74644 | Zot:2    | Noticed Cayster's ghost (legendary VSBe)
 74655 | Zot:2    | Lost mutation: You occasionally lose the ability to drink
                  | potions when taking damage. [potion of mutation]
 74655 | Zot:2    | Lost mutation: Your mind is acute. (Int +4, Str/Dex -1)
                  | [potion of mutation]
 74655 | Zot:2    | Gained mutation: Your flesh is cold resistant. (rC+)
                  | [potion of mutation]
 74656 | Zot:2    | Lost mutation: Your spells are a little easier to cast, but
                  | a little less powerful. [potion of mutation]
 74656 | Zot:2    | Lost mutation: You are strong-willed. (Will+) [potion of
                  | mutation]
 74656 | Zot:2    | Gained mutation: Your spells are a little easier to cast,
                  | but a little less powerful. [potion of mutation]
 74688 | Zot:2    | Found a huge runed gate.
 74688 | Zot:2    | Found a huge runed gate.
 74688 | Zot:2    | Found a huge runed gate.
 74688 | Zot:2    | Found a huge runed gate.
 74689 | Zot:2    | Found a huge runed gate.
 74690 | Zot:2    | Found a huge runed gate.
 74691 | Zot:2    | Found a huge runed gate.
 74797 | Zot:2    | Found a huge runed gate.
 74797 | Zot:2    | Found a huge runed gate.
 74797 | Zot:2    | Found a huge runed gate.
 74797 | Zot:2    | Found a huge runed gate.
 74797 | Zot:2    | Found a huge runed gate.
 74797 | Zot:2    | Found a huge runed gate.
 74798 | Zot:2    | Found a huge runed gate.
 74830 | Zot:2    | Found a huge runed gate.
 74830 | Zot:2    | Found a huge runed gate.
 74831 | Zot:2    | Found a huge runed gate.
 74833 | Zot:2    | Found a huge runed gate.
 74865 | Zot:2    | Found a huge runed gate.
 74865 | Zot:2    | Found a huge runed gate.
 74865 | Zot:2    | Found a huge runed gate.
 74865 | Zot:2    | Found a huge runed gate.
 74865 | Zot:2    | Found a huge runed gate.
 75170 | Zot:2    | Found a huge runed gate.
 75260 | Zot:2    | Noticed a dread lich
 75260 | Zot:2    | Noticed an ancient lich
 75260 | Zot:2    | Noticed a dread lich
 75260 | Zot:2    | Noticed a dread lich
 75261 | Zot:2    | Noticed an ancient lich
 75261 | Zot:2    | Noticed a dread lich
 75341 | Zot:2    | Killed a dread lich
 75356 | Zot:2    | Killed a dread lich
 75384 | Zot:2    | Killed an ancient lich
 75411 | Zot:2    | Killed a dread lich
 75543 | Zot:2    | Killed a dread lich
 75750 | Zot:2    | Killed an ancient lich
 75750 | Zot:2    | Identified the +0 ring mail of the Solstice {+Inv rF- rC-
                  | Regen+} (Okawaru gifted it to you on level 2 of the Realm
                  | of Zot)
 75750 | Zot:2    | Received a gift from Okawaru
 76343 | Zot:3    | Identified the +5 mace "Lurexkilu" {freeze, rElec}
 77710 | Hell     | Entered the Vestibule of Hell
 77710 | Hell     | Noticed Geryon
 77744 | Hell     | Killed Geryon
 77768 | Hell     | Reached skill level 24 in Fighting
 78212 | Hell     | Found a gateway to the ashen valley of Gehenna.
 78346 | Hell     | Found a gateway to the Iron City of Dis.
 78348 | Hell     | Found a gateway to the freezing wastes of Cocytus.
 78421 | Hell     | Found a gateway to the decaying netherworld of Tartarus.
 79313 | Zot:5    | Entered Level 5 of the Realm of Zot
 79490 | Zot:4    | Received a gift from Okawaru
 80743 | Zot:4    | Lost mutation: You are occasionally teleported next to
                  | monsters. [potion of mutation]
 80743 | Zot:4    | Lost mutation: Your spells are a little easier to cast, but
                  | a little less powerful. [potion of mutation]
 80743 | Zot:4    | Gained mutation: You passively map a small area around you.
                  | [potion of mutation]
 80743 | Zot:4    | Gained mutation: You have supernaturally acute eyesight.
                  | (SInv) [potion of mutation]
 81444 | Zot:5    | Noticed a dread lich
 81444 | Zot:5    | Noticed an ancient lich
 81452 | Arena    | Entered the Arena
 81464 | Arena    | Killed a dread lich
 81464 | Arena    | Received a gift from Okawaru
 81493 | Zot:5    | Noticed an orb of fire
 81499 | Zot:5    | Noticed a dread lich
 81508 | Zot:5    | Noticed an orb of fire
 81537 | Zot:5    | Gained mutation: Your spells are a little easier to cast,
                  | but a little less powerful. [an orb of fire]
 81538 | Zot:5    | Killed an orb of fire
 81594 | Zot:5    | Gained mutation: You occasionally lose the ability to drink
                  | potions when taking damage. [an orb of fire]
 81601 | Zot:5    | Gained mutation: You expend magic power (3 MP) to
                  | strengthen your wands. [an orb of fire]
 81607 | Zot:5    | Gained mutation: Your magical capacity is very low. (-20%
                  | MP) [an orb of fire]
 81608 | Zot:5    | Killed an orb of fire
 81608 | Zot:5    | Received a gift from Okawaru
 81656 | Zot:5    | Killed a dread lich
 81662 | Zot:5    | Killed an ancient lich
 81662 | Zot:5    | Received a gift from Okawaru
 81710 | Zot:5    | Noticed an orb of fire
 81714 | Zot:5    | Gained mutation: You are vulnerable to heat. (rF-) [an orb
                  | of fire]
 81728 | Zot:5    | Noticed an orb of fire
 81731 | Zot:5    | Killed an orb of fire
 81732 | Zot:5    | Noticed an ancient lich
 81735 | Zot:5    | Lost mutation: Your flesh is cold resistant. (rC+) [an orb
                  | of fire]
 81749 | Zot:5    | Gained mutation: You are clumsy. (Dex -2) [an orb of fire]
 82682 | Zot:5    | Gained mutation: You are occasionally teleported next to
                  | monsters. [an orb of fire]
 82705 | Zot:5    | Killed an ancient lich
 82712 | Zot:5    | Gained mutation: You sometimes lose the ability to drink
                  | potions when taking damage. [an orb of fire]
 82721 | Zot:5    | Killed an orb of fire
 82771 | Zot:5    | Noticed a dread lich
 82791 | Zot:5    | Noticed an orb of fire
 82794 | Zot:5    | Noticed an orb of fire
 82796 | Zot:5    | Noticed an orb of fire
 82796 | Zot:5    | Noticed an orb of fire
 82801 | Zot:5    | Gained mutation: You do not regenerate when monsters are
                  | visible. [an orb of fire]
 82806 | Zot:5    | Killed an orb of fire
 83019 | Zot:5    | Lost mutation: You are vulnerable to heat. (rF-) [an orb of
                  | fire]
 83023 | Zot:5    | Gained mutation: You have hidden genetic defects. [an orb
                  | of fire]
 83034 | Zot:5    | Gained mutation: You are often teleported next to monsters.
                  | [an orb of fire]
 83036 | Zot:5    | Killed an orb of fire
 83037 | Zot:5    | Reached skill level 25 in Fighting
 83073 | Zot:5    | Gained mutation: Armour fits poorly on your strangely
                  | shaped body. [an orb of fire]
 83078 | Zot:5    | Identified the +0 hat of Zouwn {rElec rF+} (Okawaru gifted
                  | it to you on level 5 of the Realm of Zot)
 83078 | Zot:5    | Received a gift from Okawaru
 83093 | Zot:5    | Gained mutation: Your magical capacity is extremely low.
                  | (-30% MP) [a cacodemon]
 83094 | Zot:5    | Killed a dread lich
 83094 | Zot:5    | Gained mutation: You are extremely frail. (-30% HP) [an orb
                  | of fire]
 83094 | Zot:5    | Gained mutation: You occasionally shout uncontrollably at
                  | your foes. [an orb of fire]
 83101 | Zot:5    | Gained mutation: Potions are less effective at restoring
                  | your health. [an orb of fire]
 83103 | Zot:5    | Gained mutation: Your body sometimes deteriorates upon
                  | taking damage. [an orb of fire]
 83105 | Zot:5    | Lost mutation: You do not regenerate when monsters are
                  | visible. [an orb of fire]
 83109 | Zot:5    | Noticed an orb of fire
 83112 | Zot:5    | HP: 3/135 [orb of fire/fireball (9)]
 83112 | Zot:5    | Killed from afar by an orb of fire

Illustrated notes

Levels and vault maps discovered:
D:1:      zelgadis_glass_arrival_small, layout_basic,
          shapermc_ecumenical_altar_starsandcircs, serial_shops, shop,
          hangedman_decor_push, st_stairs_6
D:2:      layout_basic, basic_altar, minmay_pentomino_r2
D:3:      kennysheep_slugbush, layout_basic, gammafunk_temple_of_torment,
          st_stairs_3, amcnicky_mini_corridor_feature, corexii_shack
D:4:      layout_loops_ring
D:5:      layout_loops_ring, nicolae_gozag_seed_capital, serial_shops,
          nicolae_stop_n_shop_1
D:6:      layout_cave_pods, hangedman_decor_points
D:7:      layout_cave_pods, minmay_temple_entry_large_hall
D:8:      layout_loops_ring, david_lair_shrubbed, uniq_amaemon, uniq_erica
D:9:      layout_roguey, orc_david_3, serial_shops, nicolae_shop_statue_plus,
          nicolae_shop_hallway_stairs, nicolae_square_shop,
          nicolae_shop_advertising_works [nicolae_subvault_shop_adworks],
          nicolae_square_shop, uniq_gastronok
D:10:     layout_basic, lightli_temple_of_fire, uniq_maurice
D:11:     layout_basic, serial_shops, nicolae_stop_n_shop_1
D:12:     layout_loops_ring, uniq_urug, uniq_jorgrun, uniq_psyche
D:13:     layout_cave_pools, grunt_vaults_entry_tiered,
          portal_ice_cave_entry_ice_simulacra, serial_undead, serial_undead_d,
          serial_undead_f, serial_undead_d, serial_undead_a,
          minmay_alternating_orb
D:14:     layout_irregular_city, nrook_campfire, serial_column_ruins,
          column_ruins_columns_T, column_ruins_open_medium, column_ruins_grid_3,
          column_ruins_open_small, column_ruins_open_tiny
D:15:     hangedman_depths_entry_civil_slaughter, layout_rooms,
          chequers_serial_rivers_micro_e
Temple:   regret_index_temple_mists
Lair:1:   layout_concentric_octagons, serial_forest, infiniplex_forest_corner_2,
          infiniplex_forest_lined_room_2, infiniplex_forest_lined_2,
          infiniplex_forest_clump_diagonal, infiniplex_forest_clump_medium,
          infiniplex_forest_clump_small
Lair:2:   layout_regular_city, nicolae_spider_entry_non_spiders,
          nzn_sisyphean_effort, grunt_megastairs_1
Lair:3:   layout_cave_pods, minmay_swamp_entry_reptiles,
          ebering_ghost_rock_garden
Lair:4:   layout_misc_corridors
Lair:5:   evilmike_catoblepas_cave, layout_long_grid, dpeg_slime_entry_enclosed,
          uniq_snorg
Swamp:1:  nicolae_swamp_tree_isthmus, layout_basic_swamp,
          nicolae_swamp_tree_designs, uniq_mlioglotl
Swamp:2:  layout_basic_swamp, evilmike_swamp_ruin_house_2,
          infiniplex_staircase_pool, uniq_donald
Swamp:3:  layout_basic_swamp, evilmike_swamp_ruin_rubble_1, uniq_mara,
          uniq_kirke, uniq_aizul
Swamp:4:  swamp_alternative, layout_basic_swamp, swamp_pool2
Spider:1: layout_spider_delve
Spider:2: layout_spider_delve, nicolae_spider_stair_cavern
Spider:3: lemuel_spider_zombies
Spider:4: grunt_spider_rune_circles, uniq_roxanne, uniq_agnes, uniq_louise
Slime:1:  layout_caves
Slime:2:  layout_caves
Slime:3:  layout_caves
Slime:4:  layout_caves
Slime:5
Orc:1:    layout_diamond_mine, uniq_josephine
Orc:2:    st_orc_congregation, layout_caves, serial_shops, shop, rock_pile
Elf:1:    nicolae_elf_arrival_fired_up, layout_gridlike, serial_shops, shop,
          minmay_elf_sorcery, item_on_display_a, grunt_megastairs_5
Elf:2:    nicolae_elf_blades_crystal_corner, layout_gridlike
Elf:3:    minmay_elf_hall_golems, layout_geoelf_octagon
Vaults:1: gammafunk_ghost_tricky_traps, nicolae_vaults_little_ls,
          vaults_room_boxed, ontoclasm_vaults_ring_large,
          vaults_mumra_minichess, hangedman_vaults_stitches, vaults_dpeg_ring,
          ontoclasm_vaults_eye, nicolae_vaults_network_periphery,
          ontoclasm_vaults_spin, v_misc_15, nicolae_vaults_an_arrangement,
          nicolae_vaults_rhombus_5, layout_vaults_big_room
Vaults:2: nicolae_vaults_rhombus_6, serial_ice_h, hangedman_vaults_stagger,
          hangedman_vaults_locks, v_misc_33, ontoclasm_vaults_decontamination,
          dpeg_vaults_monster_row, st_cross, hangedman_vaults_cutoff, v_misc_5,
          nicolae_vaults_circle_grid_b, nicolae_vaults_specimen_jars,
          vaults_mumra_chevron, nicolae_vaults_little_squares_5,
          nicolae_vaults_little_squares_2, v_misc_23, layout_vaults_big_cross,
          serial_shops, nicolae_shop_trees, nicolae_shop_stone,
          nicolae_shop_bloodbath_and_beyond, shop, uniq_bai_suzhen
Vaults:3: nicolae_vaults_twisting_passages, v_misc_19, v_alt_pattern_6,
          vaults_standard_mumra_x, hangedman_vaults_hat, vaults_room_door_hall,
          v_alt_pattern_1, minmay_crypt_entry_necro_gods, vaults_room_pools,
          nicolae_vaults_shelves_hall, layout_vaults_maze_snakey, serial_shops,
          shop_scrolls
Vaults:4: hangedman_vaults_restitches, vaults_room_mumra_shop_pool,
          grunt_vaults_hallway_short, nicolae_vaults_rhombus_6, v_misc_15,
          nicolae_vaults_diagonal_hallway_8, nicolae_vaults_little_squares_6,
          nicolae_vaults_yaktaur_gun_rack, layout_vaults_omnigrid, serial_shops,
          shop
Vaults:5: uniq_saint_roka
Crypt:1:  layout_regular_city, grunt_megastairs_2
Crypt:2:  layout_basic, lemuel_upstairs_altar, uniq_jory, uniq_khufu
Crypt:3:  quadcrypt_mu
Depths:1: layout_honeycomb, minmay_fountain_box, hellmouth_1,
          hangedman_decor_riveting, grunt_qazlal_clouds
Depths:2: minmay_dotted_concentric_squares, layout_twisted_cross,
          enter_ziggurat_a, hell_entry, rand_demon_pan_entry_1, abyss_entry,
          minmay_crystal_room
Depths:3: minmay_the_grid_net [minmay_the_grid_fan,
          minmay_the_grid_holed_spiral, minmay_the_grid_dragon_b,
          minmay_the_grid_empty, minmay_the_grid_spikes,
          minmay_the_grid_prize_four_corners_diamond_a], layout_cave_pools,
          mu_enter_wizlab_6, abyss_entry, hell_entry
Depths:4: grunt_x_marks_the_spot, layout_gridlike, dk_noncrumbling_2, hell_entry
Hell
Zot:1:    minmay_elemental_castle, layout_cathedral_of_symmetry,
          grunt_megastairs_3, uniq_tiamat, uniq_parghit
Zot:2:    layout_onion, ebering_ghost_inner_flame, door_vault
Zot:3:    layout_gridlike
Zot:4:    layout_cathedral_of_symmetry
Zot:5:    layout_cellular_growth

Skill      XL: |  1  2  3  4  5  6  7  8  9 10 11 12 13 14 15 16 17 18 19 20 21 22 23 24 25 26 27 |
---------------+----------------------------------------------------------------------------------+-----
Fighting       | 3 4 5 6 7 9 11 13 14 15 16 17 18 20 21 22 25 | 25.3
Maces & Flails | 1 3 5 6 9 11 14 15 16 19 21 24 | 24.0
Armour         | 5 9 10 14 17 18 19 20 22 | 22.0
Shields        | 5 9 12 14 15 16 18 19 20 22 | 22.0
Dodging        | 2 5 7 9 10 12 14 15 16 | 16.0
Invocations    | 2 7 8 10 12 14 | 14.0
Evocations     | 2 5 7 9 10 12 15 17 | 17.5
Throwing       | 5 7 9 10 12 14 16 | 16.0
Short Blades   | |  1.7
Stealth        | |  4.3

Action                   |  1- 3 |  4- 6 |  7- 9 | 10-12 | 13-15 | 16-18 | 19-21 | 22-24 | 25-27 || total
-------------------------+-------+-------+-------+-------+-------+-------+-------+-------+-------++-------
Melee: Dagger            |    40 |       |       |       |       |       |       |       |       ||    40
       Mace              |   105 |     6 |       |       |       |       |       |       |       ||   111
       Punch             |     1 |       |       |       |       |       |       |       |       ||     1
       Rapier            |       |    43 |       |       |       |       |       |       |       ||    43
       Morningstar       |       |   122 |   167 |       |       |   124 |    77 |    86 |  1006 ||  1582
       Eveningstar       |       |       |    80 |   543 |  1166 |  1851 |  1640 |  2086 |  2277 ||  9643
       Demon whip        |       |       |       |    51 |       |       |       |       |       ||    51
       Lajatang          |       |       |       |       |       |       |    16 |       |       ||    16
 Fire: Sling             |    17 |       |     3 |     2 |       |       |       |       |       ||    22
Throw: Dart              |       |     4 |     5 |    10 |     1 |    12 |       |       |       ||    32
       Boomerang         |       |       |       |       |       |       |     8 |     7 |     1 ||    16
Invok: Heroism           |       |       |       |     3 |    10 |    12 |    21 |    12 |    34 ||    92
       Finesse           |       |       |       |       |     4 |     7 |    11 |     6 |    18 ||    46
       Duel              |       |       |       |       |       |       |     3 |       |     2 ||     5
 Abil: Evoke Invisibilit |       |       |       |       |     1 |     1 |       |       |     1 ||     3
Evoke: Wand              |       |       |       |     7 |     6 |    27 |     6 |     9 |     8 ||    63
       Phial of floods   |       |       |       |       |       |     1 |       |     2 |     1 ||     4
       Lightning rod     |       |       |       |       |       |       |       |     3 |    10 ||    13
       Tin of tremorston |       |       |       |       |       |       |       |     3 |     8 ||    11
  Use: Scroll            |       |     8 |    10 |     9 |    15 |    16 |     6 |    14 |    39 ||   117
       Potion            |       |       |     6 |       |     2 |     4 |     6 |    10 |    20 ||    48
 Stab: Sleeping          |       |     1 |       |       |     1 |       |     2 |       |       ||     4
       Paralysed         |       |       |       |       |     2 |     5 |     1 |     2 |     4 ||    14
       Invisible         |       |       |       |       |     3 |     3 |       |       |     7 ||    13
       Distracted        |       |       |       |       |       |     1 |       |     1 |       ||     2
       Petrified         |       |       |       |       |       |     1 |       |       |       ||     1
Armor: Robe              |    12 |       |       |       |       |       |       |       |       ||    12
       Scale mail        |    71 |   101 |   130 |       |       |       |       |       |       ||   302
       Chain mail        |       |       |    10 |   135 |       |       |       |       |       ||   145
       Ice dragon scales |       |       |       |   144 |   582 |  1088 |  1045 |   654 |       ||  3513
       Crystal plate arm |       |       |       |       |       |       |       |   509 |  2018 ||  2527
       Gold dragon scale |       |       |       |       |       |       |       |    99 |       ||    99
Dodge: Dodged            |    93 |    91 |    97 |   183 |   542 |  1274 |   764 |   802 |  1165 ||  5011
Block: Buckler           |       |    15 |    27 |   126 |   278 |   803 |   542 |   168 |       ||  1959
       Kite shield       |       |       |       |       |       |       |   316 |   351 |       ||   667
       Reflection        |       |       |       |       |       |       |       |    13 |       ||    13
       Tower shield      |       |       |       |       |       |       |       |  1049 |  3569 ||  4618

Table legend: (Time is in decaauts)
 A = Elapsed time spent in this place.
 B = Non-inter-level travel time spent in this place.
 C = Inter-level travel time spent in this place.
 D = Time resting spent in this place.
 E = Time spent auto-exploring this place.
 F = Levels seen in this place.
 G = Mean time per level.
                   A        B        C        D        E       F      G
               +--------+--------+--------+--------+--------+-----+--------+
         Total |  80408 |  65166 |  15242 |  14282 |  28358 |  66 | 1218.3 |
       Dungeon |  20890 |  14569 |   6321 |   3070 |   7747 |  15 | 1392.7 |
        Temple |    195 |    185 |     10 |      0 |    149 |   1 |  195.0 |
          Lair |  10391 |   7979 |   2412 |   1071 |   3023 |   5 | 2078.2 |
         Swamp |   3591 |   3268 |    323 |   1024 |   1000 |   4 |  897.8 |
   Spider Nest |   5237 |   4952 |    285 |   1650 |   1521 |   4 | 1309.2 |
    Slime Pits |   4112 |   3886 |    226 |   1431 |   1145 |   5 |  822.4 |
  Orcish Mines |   2741 |   1723 |   1018 |     63 |    954 |   2 | 1370.5 |
   Elven Halls |   3706 |   3318 |    388 |    486 |   1706 |   3 | 1235.3 |
        Vaults |  10357 |   8556 |   1801 |   2334 |   3772 |   5 | 2071.4 |
         Crypt |   4226 |   3832 |    394 |    470 |   1958 |   3 | 1408.7 |
        Depths |   5413 |   4165 |   1248 |    698 |   2056 |   4 | 1353.2 |
          Hell |    641 |    625 |     16 |      0 |    353 |   1 |  641.0 |
           Zot |   7542 |   6748 |    794 |   1796 |   2731 |   5 | 1508.4 |
         Abyss |    710 |    710 |      0 |    120 |    243 |   3 |  236.7 |
        Wizlab |    535 |    535 |      0 |      9 |      0 |   1 |  535.0 |
         Arena |    115 |    115 |      0 |     57 |      0 |   5 |   23.0 |
               +--------+--------+--------+--------+--------+-----+--------+

Top non-repeatable levels by time:
  Lair:1: 4680 daAuts
Vaults:4: 2921 daAuts
Vaults:1: 2816 daAuts
   Zot:1: 2465 daAuts
     D:9: 2388 daAuts
   Orc:2: 2257 daAuts
 Crypt:3: 2195 daAuts
   Zot:2: 1936 daAuts
Vaults:2: 1893 daAuts
    D:13: 1892 daAuts
Spider:3: 1883 daAuts
    D:11: 1842 daAuts
  Lair:5: 1820 daAuts
    D:12: 1701 daAuts
Depths:4: 1677 daAuts
